Map: Автоматон РВ

Players

Murena - Winner!

  • Race: Terran Terran
  • Spawn Location: 3:00

ИИ 1 (эксперт)

  • Race: Zerg Zerg
  • Spawn Location: 9:00

VOD

Have the link to the VOD?

Description

Time

  • Played on: Feb. 9, 2019, 3:52 p.m.
  • Length: 12:44
Show
View Real Time Build Order
Export as new Build Order

Murena Terran - Winner!

Build Orders: Mech 

Get SALT Encoding   

  12  0:00  SCV  
  13  0:12  SCV  
  14  0:22  Supply Depot  
  14  0:25  SCV  
  15  0:43  SCV  
  15  0:44  Barracks  
  15  0:47  Refinery  
  16  0:57  SCV  
  17  1:10  SCV  
  18  1:22  SCV  
  19  1:27  Refinery  
  19  1:31  Marine  
  20  1:35  Orbital Command  
  20  1:43  Bunker  
  20  1:49  Marine  
  21  1:55  Factory  
  21  2:03  SCV  
  21  2:04  Supply Depot  
  21  2:07  Marine  
  23  2:18  Factory  
  23  2:27  SCV  
  23  2:28  Barracks Reactor  
  24  2:38  Hellion  
  24  2:40  SCV  
  24  2:43  Supply Depot  
  27  2:52  SCV  
  28  2:58  Engineering Bay  
  28  3:00  Factory Tech Lab  
  28  3:02  Factory Tech Lab  
  28  3:04  Marine  
  28  3:05  Marine  
  30  3:09  SCV  
  31  3:19  Siege Tank  
  34  3:26  Siege Tank  
  37  3:32  Supply Depot  
  37  3:35  SCV  
  37  3:38  Reaper  
  39  3:43  Terran Infantry Weapons Level 1  
  39  3:55  SCV  
  40  4:02  Barracks  
  40  4:04  Siege Tank  
  40  4:07  Supply Depot  
  40  4:08  SCV  
  44  4:20  SCV  
  44  4:21  Marine x2  
  47  4:26  Missile Turret  
  47  4:29  Siege Tank  
  50  4:33  SCV  
  51  4:42  Supply Depot, Marine  
  51  4:43  Marine  
  53  4:48  Hellion  
  53  4:49  Barracks Tech Lab  
  55  5:04  Siege Tank  
  55  5:06  SCV  
  59  5:10  Marine  
  59  5:11  Marine  
  61  5:16  Marine  
  61  5:19  SCV  
  63  5:34  Command Center  
  63  5:36  Supply Depot  
  63  5:40  Terran Infantry Armor Level 1  
  63  5:43  Combat Shield  
  63  5:56  Armory  
  63  5:58  SCV  
  63  6:01  Hellion  
  68  6:04  Hellion  
  68  6:07  Marine  
  68  6:08  Marine  
  70  6:11  SCV  
  71  6:20  Supply Depot  
  71  6:30  Factory  
  71  6:39  Barracks  
  71  6:46  Planetary Fortress  
  71  6:49  SCV  
  71  6:50  Bunker  
  71  6:53  Hellion  
  76  6:54  Hellion  
  76  7:03  Infernal Pre-Igniter  
  76  7:05  SCV  
  77  7:18  SCV  
  77  7:19  Refinery  
  78  7:26  Refinery  
  78  7:27  SCV, Sensor Tower  
  79  7:31  SCV  
  79  7:33  Barracks Tech Lab  
  79  7:34  Marine  
  81  7:42  Factory Tech Lab  
  81  7:45  Marine x2  
  83  7:52  Marine, Marauder  
  83  7:54  Siege Tank  
  89  8:01  Supply Depot, SCV  
  89  8:02  SCV  
  89  8:05  Marine  
  92  8:07  Reaper  
  92  8:10  Marine  
  94  8:15  Terran Infantry Weapons Level 2  
  94  8:26  Supply Depot, SCV x2  
  96  8:29  Marine, Marauder  
Show
View Real Time Build Order
Export as new Build Order

ИИ 1 (эксперт) Zerg 

Build Orders: Pool First 

Get SALT Encoding   

  12  0:00  Drone  
  13  0:12  Overlord  
  13  0:18  Drone  
  14  0:30  Drone  
  15  0:42  Spawning Pool  
  14  0:43  Drone  
  14  0:46  Drone  
  16  0:51  Drone  
  16  0:53  Extractor  
  16  0:56  Drone  
  17  1:06  Drone  
  18  1:17  Drone  
  19  1:29  Queen  
  19  1:30  Zergling x2  
  19  1:32  Roach Warren  
  21  1:38  Overlord  
  21  1:49  Drone  
  22  2:00  Overlord  
  22  2:13  Roach  
  24  2:21  Roach  
  26  2:32  Roach  
  26  2:36  Roach, Hatchery  
  29  2:41  Roach  
  31  2:47  Roach  
  31  2:49  Drone  
  34  2:57  Overlord  
  34  3:05  Roach  
  34  3:09  Roach  
  38  3:15  Roach  
  38  3:19  Roach  
  42  3:25  Roach  
  44  3:31  Roach  
  46  3:40  Overlord  
  46  3:47  Roach  
  46  3:48  Roach  
  50  3:54  Zergling x2  
  51  4:07  Lair  
  46  4:23  Zergling x2  
  43  4:25  Extractor  
  43  4:28  Drone  
  43  4:31  Extractor  
  42  4:33  Drone  
  42  4:36  Drone  
  44  4:40  Drone  
  44  4:43  Drone  
  46  4:47  Drone  
  46  4:51  Drone  
  48  4:54  Drone  
  48  4:58  Drone  
  50  5:02  Drone  
  50  5:06  Drone  
  52  5:08  Hydralisk Den  
  52  5:09  Drone  
  52  5:15  Overlord  
  52  5:19  Drone  
  53  5:22  Drone  
  53  5:25  Drone  
  53  5:28  Drone  
  56  5:31  Drone  
  56  5:33  Drone  
  58  5:36  Drone  
  58  5:38  Hydralisk  
  58  5:42  Overlord  
  61  5:46  Hydralisk  
  61  5:48  Drone  
  64  5:51  Drone  
  64  5:53  Drone  
  64  5:55  Drone  
  67  6:00  Drone  
  68  6:05  Overlord  
  68  6:10  Drone  
  69  6:16  Drone  
  69  6:18  Infestation Pit, Drone x2  
  71  6:19  Drone  
  71  6:21  Drone  
  73  6:27  Overlord  
  73  6:32  Drone  
  74  6:38  Drone  
  75  6:40  Evolution Chamber  
  75  6:43  Drone  
  75  6:49  Zergling x2, Ravager  
  75  6:50  Evolution Chamber, Drone x2  
  75  6:51  Zergling x2  
  75  6:53  Drone  
  80  7:01  Overlord  
  80  7:04  Drone  
  80  7:07  Zerg Ground Armor Level 1  
  81  7:11  Ravager  
  81  7:12  Drone  
  81  7:15  Roach  
  85  7:16  Zerg Missile Weapons Level 1  
  85  7:19  Glial Reconstitution  
  85  7:21  Infestor, Hatchery  
  85  7:22  Zergling x2, Roach  
  89  7:23  Overlord  
  89  7:25  Infestor  
  91  7:31  Overseer  
  91  7:34  Zergling x2, Metabolic Boost  
  92  7:38  Evolution Chamber  
  92  7:42  Extractor  
  90  7:45  Hydralisk  
  92  7:52  Hydralisk  
  92  7:56  Spine Crawler  
  93  7:59  Spine Crawler  
  93  8:00  Drone  
  93  8:03  Queen, Zerg Melee Weapons Level 1  
  95  8:05  Overlord, Drone  
  95  8:06  Drone x2  
  95  8:10  Infestor  
  100  8:24  Infestor  
  102  8:27  Overlord, Roach  
  102  8:29  Roach  
  102  8:32  Roach  
  102  8:33  Drone  
  102  8:34  Drone x3  
  110  8:40  Drone  
  113  8:42  Extractor  
  113  8:43  Drone  
  113  8:45  Drone  
  113  8:46  Pathogen Glands  
  113  8:47  Extractor  
  108  8:51  Zergling x2  
  108  8:52  Baneling Nest  
  108  8:54  Drone  
  110  8:55  Drone  
  110  8:57  Drone  
  110  8:58  Zergling x4  
  114  9:02  Drone  
  114  9:05  Drone  
  114  9:06  Overlord  
  115  9:10  Zerg Missile Weapons Level 2  
  115  9:13  Drone  
  115  9:16  Drone  
  115  9:17  Spore Crawler, Drone  
  115  9:19  Spore Crawler  
  105  9:24  Drone  
  105  9:26  Zergling x4, Roach, Drone  
  105  9:28  Roach  
  80  9:36  Roach  
  80  9:37  Baneling  
  84  9:38  Roach  
  84  9:46  Zergling x2  
  84  9:49  Roach  
  85  9:55  Zergling x4, Drone  
  85  9:58  Roach  
  85  9:59  Hydralisk  
  80  10:04  Baneling  
  69  10:08  Hydralisk  
  69  10:10  Infestor  
  69  10:14  Baneling x2  
  68  10:19  Zergling x2  
  68  10:21  Zergling x2  
  62  10:23  Roach, Drone  
  62  10:24  Roach  
  60  10:31  Roach  
  60  10:32  Drone  
  55  10:39  Baneling  
  55  10:42  Zergling x4  
  42  10:52  Roach x2, Drone, Hatchery  
  40  11:03  Drone  
  36  11:08  Zergling x2  
  28  11:24  Roach  
Tags
 
Composition
Mech
Matchup
ЗvТ
Opening
Pool First
Spawn Locations
Cross Positions
Add a new tag
Caveats
  • Supply blocks, unpowered buildings, or Contaminate may cause inaccurate times.
  • Supply counts are checked every 10 seconds.